 Dungeon Crawl Stone Soup version 0.27-a0-249-g74f53ef629 (webtiles) character file.

Game seed: 10738223308248342091

184 Borgoz the Slasher (level 5, 0/45 HPs)
             Began as a Ghoul Gladiator on Feb 3, 2021.
             Slain by a gnoll (7 damage)
             ... on level 3 of the Dungeon.
             The game lasted 00:02:58 (2470 turns).

Borgoz the Slasher (Ghoul Gladiator)                Turns: 2470, Time: 00:02:59

Health: 0/45       AC:  4    Str: 18    XL:     5   Next: 64%
Magic:  4/4        EV: 12    Int:  3    God:
Gold:   146        SH:  3    Dex: 11    Spells: 4/4 levels left

rFire    . . .     SeeInvis .   o - -3 dagger (curse)
rCold    + . .     Faith    .   j - +0 buckler
rNeg     + + +     Spirit   .   b - +0 leather armour
rPois    ∞         Reflect  .   c - +0 helmet
rElec    .         Harm     .   (no cloak)
rCorr    .         Rampage  .   (no gloves)
Will     .....                  (no boots)
Stlth    +.........             (no amulet)
HPRegen  0.00/turn              (no ring)
MPRegen  0.09/turn              (no ring)

@: no status effects
A: claws 1, cold resistance 1, negative energy resistance 3, inhibited
regeneration, torment resistance, unbreathing
a: no special abilities


You were on level 3 of the Dungeon.
You visited 1 branch of the dungeon, and saw 3 of its levels.

You collected 146 gold pieces.

Inventory:

Hand Weapons
 a - a +0 long sword
 o - a cursed -3 dagger (weapon)
Armour
 b - a +0 leather armour (worn)
 c - a +0 helmet (worn)
 j - a +0 buckler (worn)
Scrolls
 f - a scroll of immolation
 g - 4 scrolls of teleportation
 h - 4 scrolls of amnesia
Potions
 i - 2 potions of flight
 l - a potion of heal wounds


   Skills:
 + Level 3.3 Fighting
 * Level 3.9 Long Blades
 - Level 1.7 Throwing
 + Level 1.8 Armour
 + Level 3.3 Dodging
 + Level 1.0 Shields


You had 4 spell levels left.
You didn't know any spells.
Your spell library was empty.

Dungeon Overview and Level Annotations

Branches:
Dungeon (3/15)

Altars:


Innate Abilities, Weirdness & Mutations

You thrive by killing the living.
You are immune to poison.
You have sharp fingernails.
Your flesh is cold resistant. (rC+)
You are immune to negative energy. (rN+++)
You do not regenerate when monsters are visible.
You are immune to unholy pain and torment.
You can survive without breathing.


Message History

The gnoll closely misses you.
You hit the gnoll but do no damage.
The gnoll is severely wounded.
You barely miss the gnoll.
The gnoll is severely wounded.
The gnoll hits you.
* * * LOW HITPOINT WARNING * * *
You hit the gnoll but do no damage.
The gnoll is severely wounded.
The gnoll closely misses you.
You closely miss the gnoll.
The gnoll is severely wounded.
The gnoll closely misses you.
You barely miss the gnoll.
The gnoll is severely wounded.
The gnoll closely misses you.
You hit the gnoll.
The gnoll is almost dead.
The gnoll hits you!
You die...

...# ...#######
.........########
...###..........#
...###..........#
....##..........#
###.##..........#
.####.############...
.# #.##.....@gg...#
#....########### .#
#).###
..######.######
.##.............
....###..####### ####
#†## #.# ##.#


You could see 2 gnolls.

Vanquished Creatures
  A worker ant (D:2)
  A gnoll (D:3)
  4 adders
  3 oozes
  3 worms
  2 dart slugs
  2 leopard geckos
  An orc (D:3)
  A ball python (D:1)
  9 bats
  2 giant cockroaches (D:1)
  14 goblins
  7 hobgoblins
  10 jackals
  2 quokkas (D:3)
  4 frilled lizards
  9 kobolds
  8 rats
83 creatures vanquished.

Notes
Turn   | Place    | Note
-------+----------+-------------------------------------------
     0 | D:1      | Borgoz the Ghoul Gladiator began the quest for the Orb.
     0 | D:1      | Reached XP level 1. HP: 17/17 MP: 0/0
   132 | D:1      | Reached XP level 2. HP: 25/25 MP: 1/1
   184 | D:1      | Reached XP level 3. HP: 30/30 MP: 2/2
   447 | D:1      | Reached skill level 1 in Armour
   865 | D:2      | Reached XP level 4. HP: 33/37 MP: 3/3
  1831 | D:2      | Reached XP level 5. HP: 45/45 MP: 4/4
  2232 | D:3      | Reached skill level 1 in Shields
  2470 | D:3      | Slain by a gnoll

Illustrated notes

Levels and vault maps discovered:
D:1:      lightli_arrival_flooded_house, layout_basic, corexii_leaking_fountain
D:2:      layout_basic, nicolae_overflow_hidden_temple, minmay_goblin_outpost
D:3:      layout_rooms, kennysheep_vampire_church

Skill      XL: |  1  2  3  4  5 |
---------------+----------------+-----
Long Blades    | 3 |  3.9
Dodging        | 3 |  3.3
Armour         | 1 |  1.8
Fighting       | 3 |  3.3
Shields        | 1 |  1.0
Throwing       | |  1.7

Action                   |  1- 3 |  4- 6 || total
-------------------------+-------+-------++-------
Melee: Long sword        |    85 |   125 ||   210
       Dagger            |       |   110 ||   110
Throw: Throwing net      |       |     4 ||     4
  Use: Potion            |       |     3 ||     3
       Scroll            |       |     7 ||     7
 Stab: Held in net/web   |       |     6 ||     6
Armor: Leather armour    |    30 |    52 ||    82
Dodge: Dodged            |    89 |   156 ||   245
Block: Buckler           |     2 |    26 ||    28
       Rpst.: Long sword |    39 |    37 ||    76

Table legend: (Time is in decaauts)
 A = Elapsed time spent in this place.
 B = Non-inter-level travel time spent in this place.
 C = Inter-level travel time spent in this place.
 D = Time resting spent in this place.
 E = Time spent auto-exploring this place.
 F = Levels seen in this place.
 G = Mean time per level.
                   A        B        C        D        E       F      G
               +--------+--------+--------+--------+--------+-----+--------+
         Total |   2522 |   2460 |     62 |    356 |   1477 |   3 |  840.7 |
       Dungeon |   2522 |   2460 |     62 |    356 |   1477 |   3 |  840.7 |
               +--------+--------+--------+--------+--------+-----+--------+

Top non-repeatable levels by time:
     D:2: 1154 daAuts
     D:1: 854 daAuts
     D:3: 513 daAuts
